NCAA
VILLANOVA WILDCATS @ IOWA STATE CYCLONES
05/13/2024
 
TOP OF THE 1ST
Villanova Wildcats batting - Pitching for Iowa State Cyclones : RHP Paul Elmore
Pitching: RHP Paul Elmore
Batting: RHB Tomás Carranza 0-0: Ball
1-0: Ball
2-0: Foul Ball, location: 2F
2-1: Foul Ball, location: 2F
2-2: Foul Ball, location: 2F
2-2: Ball
3-2: Ground out 5-3 (Groundball, 56)
Batting: SHB Harry Goff 0-0: Ball
1-0: Called Strike
1-1: Foul Ball, location: 2F
1-2: Ball
2-2: Foul Ball, location: 2F
2-2: Fly out, F7 (Flyball, 7S)
Batting: RHB Ben Hall 0-0: Ground out 3-1 (Groundball, 34)
Top of the 1st over - 0 run(s), 0 hit(s), 0 error(s), 0 left on base; Villanova 0 - Iowa State 0
BOTTOM OF THE 1ST
Iowa State Cyclones batting - Pitching for Villanova Wildcats : RHP Royce Saunders
Pitching: RHP Royce Saunders
Batting: RHB Tom Cline 0-0: Called Strike
0-1: Swinging Strike
0-2: Foul Ball, location: 2F
0-2: Strikes out swinging
Batting: LHB Ash Carney 0-0: Ball
1-0: Ball
2-0: Foul Ball, location: 2F
2-1: Called Strike
2-2: Foul Ball, location: 2F
2-2: Foul Ball, location: 2F
2-2: Strikes out looking
Batting: LHB Ramiro Muńóz 0-0: Called Strike
0-1: Fly out, F8 (Flyball, 8RM)
Bottom of the 1st over - 0 run(s), 0 hit(s), 0 error(s), 0 left on base; Villanova 0 - Iowa State 0
TOP OF THE 2ND
Villanova Wildcats batting - Pitching for Iowa State Cyclones : RHP Paul Elmore
Batting: RHB Luis Ibarra 0-0: Fly out, F8 (Popup, 4MD)
Batting: RHB Gunner Allen 0-0: Called Strike
0-1: Swinging Strike
0-2: Ball
1-2: Ball
2-2: Strikes out swinging
Batting: LHB Al Bartlett 0-0: Called Strike
0-1: Ball
1-1: Ball
2-1: Ball
3-1: Base on Balls
Batting: LHB Steven Smith 0-0: Called Strike
0-1: Foul Ball, location: 2F
0-2: Ball
1-2: Ball
2-2: Ball
3-2: Foul Ball, location: 2F
3-2: Strikes out looking
Top of the 2nd over - 0 run(s), 0 hit(s), 0 error(s), 1 left on base; Villanova 0 - Iowa State 0
BOTTOM OF THE 2ND
Iowa State Cyclones batting - Pitching for Villanova Wildcats : RHP Royce Saunders
Batting: RHB Dan Morrison 0-0: Called Strike
0-1: Ball
1-1: Ground out 5-3 (Groundball, 56)
Batting: SHB Mario Trujillo 0-0: Swinging Strike
0-1: Ball
1-1: Swinging Strike
1-2: Foul Ball, location: 2F
1-2: Strikes out swinging
Batting: RHB Marvin Reynolds 0-0: Called Strike
0-1: Ground out 6-3 (Groundball, 6M)
Bottom of the 2nd over - 0 run(s), 0 hit(s), 0 error(s), 0 left on base; Villanova 0 - Iowa State 0
TOP OF THE 3RD
Villanova Wildcats batting - Pitching for Iowa State Cyclones : RHP Paul Elmore
Batting: RHB Ken Craft 0-0: Foul Ball, location: 2F
0-1: Foul Ball, location: 2F
0-2: Strikes out swinging
Batting: RHB Mark Hess 0-0: SINGLE (Line Drive, 9S)
Batting: RHB Tomás Carranza 0-0: Called Strike
0-1: Called Strike
0-2: Foul Ball, location: 2F
0-2: Ball
1-2: SINGLE (Groundball, 34D) (infield hit)
Mark Hess to second
Batting: SHB Harry Goff 0-0: Called Strike
0-1: Ball
1-1: Ball
2-1: Ball
3-1: Fly out, F4 (Popup, 4D)
Batting: RHB Ben Hall 0-0: Foul Ball, location: 2F
0-1: Foul Ball, location: 2F
0-2: Strikes out swinging
Top of the 3rd over - 0 run(s), 2 hit(s), 0 error(s), 2 left on base; Villanova 0 - Iowa State 0
BOTTOM OF THE 3RD
Iowa State Cyclones batting - Pitching for Villanova Wildcats : RHP Royce Saunders
Batting: RHB Fernando Garza 0-0: Called Strike
0-1: Ball
1-1: DOUBLE (Line Drive, 8RM)
Batting: RHB Steve Burton 0-0: Called Strike
0-1: Ball
1-1: Called Strike
1-2: Ball
2-2: Foul Ball, location: 2F
2-2: 2-RUN HOME RUN (Flyball, 7LD), Distance : 321 ft
Batting: RHB Jeff Bergeron 0-0: Ball
1-0: Fly out, F4 (Popup, 34D)
Batting: RHB Tom Cline 0-0: Ball
1-0: Called Strike
1-1: Ball
2-1: Foul Ball, location: 2F
2-2: Foul Ball, location: 2F
2-2: Ball
3-2: Foul Ball, location: 2F
3-2: Ground out 6-3 (Groundball, 6)
Batting: LHB Ash Carney 0-0: Ground out 5-3 (Groundball, 5)
Bottom of the 3rd over - 2 run(s), 2 hit(s), 0 error(s), 0 left on base; Villanova 0 - Iowa State 2
TOP OF THE 4TH
Villanova Wildcats batting - Pitching for Iowa State Cyclones : RHP Paul Elmore
Batting: RHB Luis Ibarra 0-0: Ground out 3-1 (Groundball, 34)
Batting: RHB Gunner Allen 0-0: Ball
1-0: Ball
2-0: Ball
3-0: Base on Balls
Batting: LHB Al Bartlett 0-0: Called Strike
Gunner Allen is caught stealing 2nd base
0-1: Ball
1-1: Foul Ball, location: 2F
1-2: Ball
2-2: Ball
3-2: Fly out, F7 (Flyball, 7M)
Top of the 4th over - 0 run(s), 0 hit(s), 0 error(s), 0 left on base; Villanova 0 - Iowa State 2
BOTTOM OF THE 4TH
Iowa State Cyclones batting - Pitching for Villanova Wildcats : RHP Royce Saunders
Batting: LHB Ramiro Muńóz 0-0: Ball
1-0: Ball
2-0: Ball
3-0: Base on Balls
Batting: RHB Dan Morrison 0-0: Ball
1-0: Called Strike
1-1: Ground out 5-3 (Groundball, 56S)
Ramiro Muńóz to second
Batting: SHB Mario Trujillo 0-0: Ball
1-0: Called Strike
1-1: Foul Ball, location: 2F
1-2: Ball
2-2: Foul Ball, location: 2F
2-2: Ball
3-2: Ground out 4-3 (Groundball, 4)
Ramiro Muńóz to third
Batting: RHB Marvin Reynolds 0-0: Ground out 5-3 (Groundball, 56)
Bottom of the 4th over - 0 run(s), 0 hit(s), 0 error(s), 1 left on base; Villanova 0 - Iowa State 2
TOP OF THE 5TH
Villanova Wildcats batting - Pitching for Iowa State Cyclones : RHP Paul Elmore
Batting: LHB Steven Smith 0-0: Ball
1-0: Foul Ball, location: 2F
1-1: Ball
2-1: Ball
3-1: Called Strike
3-2: Foul Ball, location: 2F
3-2: Fly out, F5 (Popup, 5SF)
Batting: RHB Ken Craft 0-0: Ball
1-0: Ball
2-0: Reached on error, E4 (Groundball, 4)
Batting: RHB Mark Hess 0-0: Ball
1-0: Hit by Pitch
Ken Craft to second
Batting: RHB Tomás Carranza 0-0: SINGLE (Line Drive, 4MD)
Ken Craft to third
Mark Hess to second
Batting: SHB Harry Goff 0-0: Ball
1-0: Ball
2-0: Ball
3-0: Base on Balls
Ken Craft scores
Mark Hess to third
Tomás Carranza to second
Batting: RHB Ben Hall 0-0: Ball
1-0: Ball
2-0: Called Strike
2-1: Ground out U3 (Groundball, 3S)
Mark Hess scores
Tomás Carranza to third
Harry Goff to second
Pitching: LHP Jeffery Guillermina
Batting: RHB Luis Ibarra 0-0: Called Strike
0-1: Ball
1-1: Ball
2-1: Fly out, F9 (Line Drive, 89M)
Top of the 5th over - 2 run(s), 1 hit(s), 1 error(s), 2 left on base; Villanova 2 - Iowa State 2
BOTTOM OF THE 5TH
Iowa State Cyclones batting - Pitching for Villanova Wildcats : RHP Royce Saunders
Batting: RHB Fernando Garza 0-0: Foul Ball, location: 2F
0-1: Fly out, F9 (Flyball, 89M)
Batting: RHB Steve Burton 0-0: Called Strike
0-1: SINGLE (Groundball, 56D) (infield hit)
Batting: RHB Jeff Bergeron 0-0: Ball
1-0: Ball
2-0: Called Strike
2-1: Ball
3-1: Grounds into double play, 6-4-3 (Groundball, 6D)
Bottom of the 5th over - 0 run(s), 1 hit(s), 0 error(s), 0 left on base; Villanova 2 - Iowa State 2
TOP OF THE 6TH
Villanova Wildcats batting - Pitching for Iowa State Cyclones : LHP Jeffery Guillermina
Batting: RHB Gunner Allen 0-0: Fly out, F8 (Line Drive, 8LM)
Batting: LHB Al Bartlett 0-0: Foul Ball, location: 2F
0-1: Foul Ball, location: 2F
0-2: Foul Ball, location: 2F
0-2: Ball
1-2: Ball
2-2: Foul Ball, location: 2F
2-2: Foul Ball, location: 2F
2-2: Ball
3-2: Fly out, F6 (Popup, 56D)
Batting: LHB Steven Smith 0-0: Ball
1-0: Swinging Strike
1-1: Swinging Strike
1-2: Strikes out looking
Top of the 6th over - 0 run(s), 0 hit(s), 0 error(s), 0 left on base; Villanova 2 - Iowa State 2
BOTTOM OF THE 6TH
Iowa State Cyclones batting - Pitching for Villanova Wildcats : RHP Royce Saunders
Batting: RHB Tom Cline 0-0: Ball
1-0: Ball
2-0: Called Strike
2-1: Fly out, F8 (Flyball, 78D)
Batting: LHB Ash Carney 0-0: Called Strike
0-1: Swinging Strike
0-2: Ball
1-2: Ball
2-2: Foul Ball, location: 2F
2-2: Strikes out swinging
Batting: LHB Ramiro Muńóz 0-0: Ball
1-0: Ball
2-0: Called Strike
2-1: Swinging Strike
2-2: Ground out U3 (Groundball, 3)
Bottom of the 6th over - 0 run(s), 0 hit(s), 0 error(s), 0 left on base; Villanova 2 - Iowa State 2
TOP OF THE 7TH
Villanova Wildcats batting - Pitching for Iowa State Cyclones : LHP Jeffery Guillermina
Batting: RHB Ken Craft 0-0: TRIPLE (Line Drive, 9LM)
Batting: RHB Mark Hess 0-0: Ball
1-0: Called Strike
1-1: Foul Ball, location: 2F
1-2: Ball
2-2: Foul Ball, location: 2F
2-2: Ball
3-2: Strikes out swinging
Batting: RHB Tomás Carranza 0-0: Intentional Walk
Pitching: RHP Kyle Rumbolt
Batting: SHB Harry Goff 0-0: Ball
1-0: Called Strike
Tomás Carranza steals 2nd base
1-1: Called Strike
1-2: Ball
2-2: Ball
3-2: Ground out 4-3 (Groundball, 6M)
Batting: RHB Ben Hall 0-0: Foul Ball, location: 2F
0-1: Fly out, F2 (Popup, 2RF)
Top of the 7th over - 0 run(s), 1 hit(s), 0 error(s), 2 left on base; Villanova 2 - Iowa State 2
BOTTOM OF THE 7TH
Iowa State Cyclones batting - Pitching for Villanova Wildcats : RHP Royce Saunders
Pitching: RHP Michael Díaz
Batting: RHB Dan Morrison 0-0: Called Strike
0-1: Ball
1-1: Called Strike
1-2: Strikes out swinging
Batting: SHB Mario Trujillo 0-0: Ball
1-0: Ball
2-0: Ball
3-0: Base on Balls
Pinch Hitting: RHB Luke Cater 0-0: Ball
1-0: SINGLE (Groundball, 6MD)
Mario Trujillo to second
Batting: RHB Fernando Garza 0-0: Foul Ball, location: 2F
0-1: Ball
1-1: Ball
2-1: Ball
3-1: Foul Ball, location: 2F
3-2: Strikes out looking
Batting: RHB Steve Burton 0-0: Called Strike
0-1: Foul Ball, location: 2F
0-2: Ball
1-2: Ball
2-2: Foul Ball, location: 2F
2-2: SINGLE (Groundball, 3D)
Mario Trujillo to third
Luke Cater to second
Runner from 3rd tries for Home, SAFE, no throw or cutoff
Batting: RHB Jeff Bergeron 0-0: Swinging Strike
0-1: Foul Ball, location: 2F
0-2: Foul Ball, location: 2F
0-2: Strikes out swinging
Bottom of the 7th over - 1 run(s), 2 hit(s), 0 error(s), 2 left on base; Villanova 2 - Iowa State 3
TOP OF THE 8TH
Villanova Wildcats batting - Pitching for Iowa State Cyclones : RHP Kyle Rumbolt
Now in LF: Justin Anthony
Batting: RHB Luis Ibarra 0-0: Swinging Strike
0-1: Ball
1-1: Ball
2-1: Called Strike
2-2: Fly out, F8 (Flyball, 8RM)
Batting: RHB Gunner Allen 0-0: SINGLE (Groundball, 56D)
Batting: LHB Al Bartlett 0-0: Ball
1-0: Foul Ball, location: 2F
1-1: Ball
2-1: Foul Ball, location: 2F
2-2: Strikes out swinging
Batting: LHB Steven Smith 0-0: Called Strike
0-1: Ball
1-1: Ball
2-1: Ball
3-1: SINGLE (Line Drive, 6M)
Gunner Allen to second
Runner from 2nd tries for 3rd, SAFE, throw made to third
Batting: RHB Ken Craft 0-0: Ball
1-0: Ball
2-0: Ball
3-0: Called Strike
3-1: Swinging Strike
3-2: Foul Ball, location: 2F
3-2: SINGLE (Groundball, 3D)
Gunner Allen scores
Steven Smith to second
Steven Smith to third
Batting: RHB Mark Hess 0-0: Ball
1-0: Ball
2-0: Ball
3-0: Base on Balls
Ken Craft to second
Batting: RHB Tomás Carranza 0-0: Foul Ball, location: 2F
0-1: Ball
Wild Pitch!
Steven Smith scores
Ken Craft to third
Mark Hess to second
1-1: Swinging Strike
1-2: Ball
2-2: Ball
3-2: Foul Ball, location: 2F
3-2: Base on Balls
Pitching: RHP Harvey McFarland
Batting: SHB Harry Goff 0-0: Ball
1-0: Fielders Choice at 2nd, U4 (Groundball, 4M)
Top of the 8th over - 2 run(s), 3 hit(s), 0 error(s), 3 left on base; Villanova 4 - Iowa State 3
BOTTOM OF THE 8TH
Iowa State Cyclones batting - Pitching for Villanova Wildcats : RHP Michael Díaz
Batting: RHB Tom Cline 0-0: Ball
1-0: Ball
2-0: Ball
3-0: Called Strike
3-1: Called Strike
3-2: Foul Ball, location: 2F
3-2: Base on Balls
Batting: LHB Ash Carney 0-0: Bunted foul
0-1: Ball
1-1: Ball
2-1: Sac Bunt - play at first, batter OUT! 1-4
Tom Cline to second
Batting: LHB Ramiro Muńóz 0-0: Called Strike
0-1: Ball
1-1: SINGLE (Line Drive, 9S)
Tom Cline to third
Runner from 3rd tries for Home, SAFE, no throw or cutoff
Batting: RHB Dan Morrison 0-0: Swinging Strike
0-1: Swinging Strike
0-2: SINGLE (Flyball, 8LS)
Ramiro Muńóz to second
Batting: SHB Mario Trujillo 0-0: Called Strike
0-1: Swinging Strike
0-2: Ball
1-2: Foul Ball, location: 2F
1-2: Ball
2-2: Ball
3-2: SINGLE (Line Drive, 89M)
Ramiro Muńóz to third
Dan Morrison to second
Pitching: RHP Mathieu Bourbeau
Batting: LHB Justin Anthony 0-0: Ball
1-0: SINGLE (Line Drive, 9S)
Ramiro Muńóz scores
Dan Morrison to third
Mario Trujillo to second
Batting: RHB Fernando Garza 0-0: Called Strike
0-1: Grounds into fielders choice 1-2 (Groundball, 15)
Mario Trujillo to third
Justin Anthony to second
Batting: RHB Steve Burton 0-0: Called Strike
0-1: Ball
1-1: Ball
2-1: Fielders Choice at 2nd, 6-4 (Groundball, 6)
Bottom of the 8th over - 2 run(s), 4 hit(s), 0 error(s), 2 left on base; Villanova 4 - Iowa State 5
TOP OF THE 9TH
Villanova Wildcats batting - Pitching for Iowa State Cyclones : RHP Harvey McFarland
Now at C: Kenny May
Batting: RHB Ben Hall 0-0: Ground out U3 (Groundball, 3)
Batting: RHB Luis Ibarra 0-0: Called Strike
0-1: Ball
1-1: Fly out, F9 (Flyball, 9LS)
Batting: RHB Gunner Allen 0-0: Swinging Strike
0-1: Called Strike
0-2: SINGLE (Line Drive, 56)
Batting: LHB Al Bartlett 0-0: Called Strike
0-1: Ball
1-1: Foul Ball, location: 2F
1-2: Ground out 1-3 (Groundball, 25)
Top of the 9th over - 0 run(s), 1 hit(s), 0 error(s), 1 left on base; Villanova 4 - Iowa State 5
This league is powered by Out of the Park Baseball, the baseball management simulation game for PC, Mac and Linux
Saturday, April 9th, 2016 - OOTP Baseball 16.8 Build 38